Map: Cyber Forest LE

Players

Harstem - Winner!

  • Race: Protoss Protoss
  • League: Grandmaster
  • Spawn Location: 5:00

MaxPax

  • Race: Protoss Protoss
  • League: Grandmaster
  • Spawn Location: 11:00

VOD

Have the link to the VOD?

Description

Time

  • Played on: April 25, 2019, 6:12 a.m.
  • Length: 10:27
Show
View Real Time Build Order
Export as new Build Order

Harstem Protoss - Winner!

Build Orders: Phoenix Opening, Blink Stalkers 

Get SALT Encoding   

  12  0:01  Probe  
  13  0:13  Probe  
  14  0:18  Pylon  
  14  0:25  Probe  
  15  0:33  Probe  
  15  0:38  Gateway  
  15  0:41  Probe  
  16  0:47  Assimilator  
  17  0:51  Probe  
  17  0:55  Assimilator  
  18  1:03  Probe  
  19  1:12  Gateway  
  19  1:16  Probe  
  20  1:25  Cybernetics Core  
  20  1:28  Probe  
  21  1:33  Pylon  
  21  1:40  Probe  
  22  1:53  Probe  
  23  1:55  Warp Gate  
  23  2:01  Sentry, Stalker  
  23  2:05  Probe  
  28  2:12  Pylon  
  28  2:25  Twilight Council  
  28  2:38  Stalker  
  30  2:46  Probe  
  30  2:48  Stalker  
  34  3:04  Nexus, Phoenix  
  33  3:08  Shield Battery  
  33  3:12  Sentry  
  35  3:23  Probe  
  35  3:25  Blink  
  36  3:29  Pylon  
  36  3:35  Probe  
  37  3:43  Probe  
  38  3:51  Probe  
  38  3:52  Stalker  
  38  3:53  Stalker  
  43  4:01  Probe  
  44  4:13  Probe  
  45  4:17  Probe  
  46  4:25  Probe  
  46  4:29  Probe  
  48  4:31  Forge  
  48  4:33  Robotics Facility  
  48  4:37  Probe, Stalker  
  51  4:41  Probe  
  52  4:50  Probe  
  53  4:53  Probe  
  53  4:56  Assimilator  
  54  5:00  Protoss Ground Weapons Level 1  
  54  5:02  Probe  
  54  5:05  Probe  
  56  5:09  Pylon  
  56  5:11  Stalker x2  
  56  5:14  Probe  
  61  5:18  Gateway  
  62  5:23  Gateway  
  61  5:29  Warp Prism  
  61  5:35  Nexus  
  61  5:41  Probe  
  61  5:42  Probe  
  65  5:53  Probe  
  65  5:55  Pylon  
  66  5:57  Stalker  
  66  5:58  Pylon  
  66  5:59  Stalker  
  70  6:09  Pylon  
  70  6:13  Probe, Pylon  
  71  6:20  Probe  
  72  6:26  Probe  
  72  6:31  Stalker  
  72  6:32  Stalker x3  
  81  6:33  Probe  
  81  6:38  Gateway  
  82  6:41  Gateway  
  74  7:04  Probe  
  74  7:05  Probe  
  74  7:06  Probe  
  69  7:13  Protoss Ground Weapons Level 2, Stalker x4  
  77  7:16  Probe  
  77  7:17  Probe  
  77  7:22  Gateway x2  
  79  7:27  Charge, Observer  
  79  7:28  Probe  
  81  7:33  Robotics Bay  
  81  7:34  Robotics Facility  
  81  7:38  Stalker x3  
  81  7:42  Stalker  
  89  7:44  Stalker  
  91  7:55  Stalker  
  93  7:59  Pylon  
  93  8:10  Probe  
  93  8:11  Photon Cannon  
  94  8:16  Zealot x2, Pylon  
  94  8:19  Zealot x6  
  106  8:28  Disruptor  
  106  8:29  Disruptor  
  106  8:33  Assimilator  
  112  8:35  Probe  
  112  8:36  Assimilator  
  102  8:42  Probe  
  102  8:43  Zealot x4  
  102  8:44  Probe  
  102  8:46  Probe  
  110  8:51  Probe  
  110  8:52  Probe  
  110  8:54  Probe  
  107  8:57  Disruptor  
  107  8:59  Probe  
  107  9:00  Probe  
  107  9:07  Probe  
  107  9:09  Disruptor  
  113  9:11  Zealot x2  
  113  9:16  Stalker  
  122  9:31  Nexus  
  122  9:33  Zealot x2  
  120  9:55  Zealot x6  
  120  9:56  Zealot x2  
  124  10:21  Stalker x4  
Show
View Real Time Build Order
Export as new Build Order

MaxPax Protoss 

Build Orders: Oracle Opening 

Get SALT Encoding   

  12  0:00  Probe  
  13  0:13  Probe  
  14  0:17  Pylon  
  14  0:23  Probe  
  15  0:31  Probe  
  16  0:38  Gateway  
  16  0:39  Probe  
  16  0:47  Assimilator  
  17  0:51  Probe  
  18  0:57  Assimilator  
  18  1:00  Probe  
  19  1:08  Probe  
  19  1:17  Probe  
  21  1:25  Cybernetics Core  
  21  1:29  Probe  
  22  1:42  Probe  
  23  1:53  Nexus  
  23  2:05  Stargate  
  23  2:18  Robotics Facility  
  23  2:28  Pylon  
  22  2:38  Oracle, Pylon  
  22  2:49  Probe  
  26  2:56  Immortal  
  30  3:14  Shield Battery  
  30  3:17  Probe  
  31  3:21  Probe  
  32  3:29  Probe  
  32  3:33  Probe  
  34  3:44  Probe  
  34  3:46  Probe  
  36  3:53  Immortal, Probe  
  40  3:58  Probe  
  40  4:01  Probe  
  42  4:08  Pylon  
  43  4:10  Probe  
  43  4:12  Probe  
  45  4:22  Phoenix  
  45  4:23  Probe  
  46  4:26  Probe  
  49  4:32  Observer  
  49  4:33  Assimilator  
  49  4:35  Probe, Assimilator  
  51  4:38  Probe  
  52  4:47  Probe, Pylon  
  52  4:48  Pylon  
  52  4:50  Probe  
  54  4:56  Robotics Bay  
  54  5:04  Phoenix  
  54  5:05  Probe  
  55  5:07  Probe, Pylon  
  55  5:14  Robotics Facility  
  58  5:17  Probe  
  58  5:19  Probe  
  60  5:21  Shield Battery  
  60  5:22  Phoenix  
  60  5:29  Probe  
  60  5:31  Probe  
  60  5:34  Disruptor  
  61  5:41  Probe, Pylon  
  62  5:43  Probe  
  62  5:46  Phoenix  
  68  5:53  Probe  
  68  5:54  Forge  
  72  6:12  Immortal  
  72  6:17  Phoenix  
  72  6:19  Nexus  
  72  6:20  Immortal  
  73  6:39  Probe x2  
  75  6:42  Phoenix  
  77  6:53  Immortal  
  77  7:07  Phoenix  
  77  7:17  Probe  
  77  7:20  Photon Cannon  
  77  7:22  Probe  
  79  7:23  Stargate  
  79  7:26  Disruptor  
  79  7:29  Probe  
  80  7:32  Phoenix  
  80  7:34  Probe  
  80  7:35  Immortal  
  82  7:38  Probe  
  82  7:41  Probe  
  87  7:46  Probe  
  87  7:48  Photon Cannon  
  89  7:56  Photon Cannon  
  89  7:57  Probe, Phoenix  
  92  8:00  Immortal  
  96  8:09  Photon Cannon  
  96  8:18  Phoenix  
  98  8:22  Probe, Phoenix  
  98  8:23  Probe  
  98  8:26  Pylon x2  
  98  8:38  Pylon  
  98  8:39  Disruptor  
  101  8:56  Probe x2, Phoenix x2  
  107  9:08  Probe  
  108  9:15  Pylon x2  
  108  9:16  Nexus  
  108  9:18  Pylon  
  108  9:20  Pylon  
  108  9:22  Disruptor  
  108  9:23  Disruptor, Phoenix  
  110  9:32  Phoenix  
  118  9:45  Photon Cannon  
  104  9:57  Phoenix  
  92  10:01  Phoenix  
Tags
 
Add a new tag
Caveats
  • Supply blocks, unpowered buildings, or Contaminate may cause inaccurate times.
  • Supply counts are checked every 10 seconds.